 Dungeon Crawl Stone Soup version 0.29-a0-993-g4a18f31a58 (webtiles) character file.

Game seed: 5691907197758031927

35002 Pelinal the Spear-Bearer (level 13, -5/103 HPs)
             Began as a Merfolk Ice Elementalist on Aug 2, 2022.
             Was a Believer of Ashenzari.
             Slain by a catoblepas (27 damage)
             ... on level 4 of the Lair of Beasts.
             The game lasted 00:54:19 (22236 turns).

Pelinal the Spear-Bearer (MfIE)                    Turns: 22236, Time: 00:54:20

Health: -5/103     AC: 12    Str: 12    XL:     13   Next: 81%
Magic:  23/25      EV: 14    Int: 24    God:    Ashenzari [**....]
Gold:   668        SH: 12    Dex: 13    Spells: 3/16 levels left

rFire   . . .      SeeInvis +   E - +1 trident (venom)
rCold   + . .      Faith    .   V - +2 kite shield
rNeg    + + +      Spirit   .   B - +5 leather armour "Wuvek" {rN+++ rCorr Dex-3}
rPois   .          Reflect  .   G - +0 helmet
rElec   .          Harm     .   q - +2 cloak of the Astral Fetters {Will+, Evo, Elem} (curse)
rCorr   +          Rampage  .   (no gloves)
Will    +....                   (no boots)
Stlth   +++.......              L - amulet "Lashed Together" {Acrobat, Bglg, Alch} (curse)
HPRegen 0.27/turn               r - ring of magical power
MPRegen 0.19/turn               Q - ring "Ensconced Together" {rC+ rN+ Str+4 Int+6, Elem, Evo} (curse)

@: no status effects
A: (nimble swimmer 2), mertail
a: Renounce Religion, Shatter the Chains


You were on level 4 of the Lair of Beasts.
You worshipped Ashenzari.
Ashenzari was pleased with you.
You visited 3 branches of the dungeon, and saw 17 of its levels.

You collected 915 gold pieces.
You spent 247 gold pieces at shops.

Inventory:

Hand Weapons
 a - a +0 sling
 k - a +0 spear
 E - a +1 trident of venom (weapon)
 F - a +0 trident of protection
Missiles
 l - 4 datura-tipped darts
 n - 47 poisoned darts (quivered)
 u - 132 stones
 S - 2 atropa-tipped darts
Armour
 q - the cursed +2 cloak of the Astral Fetters (worn) {Will+, Evo, Elem}
   (You took it off Crazy Yiuf on level 7 of the Dungeon)

   It has a curse which improves the following skills: Evocations: Evocations.
   Elements:  Fire Magic, Ice Magic, Air Magic and Earth Magic.
 B - the +5 leather armour "Wuvek" (worn) {rN+++ rCorr Dex-3}
   (You found it on level 8 of the Dungeon)

   Dex:       It affects your dexterity (-3).
   rN:        It renders you almost immune to negative energy.
   rCorr:     It protects you from acid and corrosion.
 G - a +0 helmet (worn)
 V - a +2 kite shield (worn)
Jewellery
 d - a ring of fire
 r - a ring of magical power (left hand)
 A - a ring of see invisible
 L - the cursed amulet "Lashed Together" (around neck) {Acrobat, Bglg, Alch}
   (You took it off a centaur on level 8 of the Dungeon)

   [amulet of the acrobat]

   It increases your evasion while moving and waiting.
   It has a curse which improves the following skills: Beguiling: Conjurations,
   Hexes and Translocations.
   Alchemy:   Poison Magic and Transmutations.
 N - a ring of ice
 Q - the cursed ring "Ensconced Together" (right hand) {rC+ rN+ Str+4 Int+6, Elem, Evo}
   (You took it off an orc wizard on level 9 of the Dungeon)

   [ring of intelligence]

   Str:       It affects your strength (+4).
   Int:       It affects your intelligence (+6).
   rC:        It protects you from cold.
   rN:        It protects you from negative energy.
   It has a curse which improves the following skills: Elements: Fire Magic, Ice
   Magic, Air Magic and Earth Magic.
   Evocations: Evocations.
Wands
 v - a wand of charming (2)
 x - a wand of polymorph (6)
 H - a wand of mindburst (2)
 I - a wand of flame (12)
 X - a wand of roots (2)
Scrolls
 e - 2 scrolls of amnesia
 g - 12 scrolls of teleportation
 h - a scroll of enchant armour
 i - 2 scrolls of torment
 j - a scroll of brand weapon
 m - 2 scrolls of enchant weapon
 w - a scroll of summoning
 y - 4 scrolls of butterflies
 M - 2 scrolls of poison
 O - a scroll of fear
 R - a scroll of blinking
 U - 3 scrolls of vulnerability
Potions
 b - a potion of berserk rage
 c - 2 potions of magic
 f - 7 potions of curing
 o - 3 potions of might
 p - 2 potions of flight
 s - a potion of haste
 t - 2 potions of lignification
 z - 2 potions of ambrosia
 C - 6 potions of brilliance
 D - 2 potions of attraction
 J - a potion of experience
 T - a potion of resistance
 Y - 2 potions of heal wounds
Miscellaneous
 K - a tin of tremorstones (inert)
 P - a lightning rod (4/4)


   Skills:
 - Level 10.0 Fighting
 - Level 14.0 Polearms
 - Level 6.0 Throwing
 - Level 10.7 Dodging
 - Level 5.0 Stealth
 - Level 8.0 Shields
 - Level 2.0 Spellcasting
 + Level 2.3(3.3) Conjurations
 - Level 7.2(8.5) Hexes
 - Level 8.0(9.9) Ice Magic
 + Level 2.3(3.8) Earth Magic
 + Level 3.2(4.3) Poison Magic
 - Level 7.5(9.5) Evocations


You had 3 spell levels left.
You knew the following spells:

 Your Spells              Type           Power      Damage    Failure   Level
a - Freeze                Ice            100%       1d11      1%          1
b - Frozen Ramparts       Ice            100%       1d18      1%          3
c - Ozocubu's Armour      Ice            50%        N/A       1%          3
d - Tukima's Dance        Hex            43%        N/A       3%          3
e - Stone Arrow           Conj/Erth      38%        3d9       26%         3

Your spell library contained the following spells:

 Spells                   Type           Power      Damage    Failure   Level
 Sandblast                Erth           42%        2d11      8%          1
 Sting                    Tmut/Pois      52%        1d5       16%         1
 Foxfire                  Conj/Fire      40%        2x1d6     19%         1
 Inner Flame              Hex/Fire       23%        N/A       19%         3
 Poisonous Vapours        Pois/Air       26%        N/A       22%         2
 Passwall                 Tmut/Erth      10%        N/A       26%         2
 Conjure Flame            Conj/Fire      10%        6-21      50%         3
 Cause Fear               Hex            21%        N/A       12%         4
 Metabolic Englaciation   Hex/Ice        23%        N/A       24%         5
 Hailstorm                Conj/Ice       34%        3d9       26%         4
 Leda's Liquefaction      Hex/Erth       16%        N/A       30%         4
 Olgreb's Toxic Radiance  Pois           23%        N/A       54%         4
 Petrify                  Tmut/Erth      12%        N/A       86%         4
 Silence                  Hex/Air        11%        N/A       87%         5
 Flame Wave               Conj/Fire      10%        2d6       88%         4
 Yara's Violent Unravell  Hex/Tmut       11%        3d6       88%         5
 Lee's Rapid Deconstruct  Erth           10%        3d9*      91%         5
 Passage of Golubria      Tloc           3%         N/A       98%         4
 Fireball                 Conj/Fire      5%         3d5       99%         5
 Simulacrum               Ice/Necr       13%        N/A       100%        6
 Starburst                Conj/Fire      5%         6d4       100%        6
 Statue Form              Tmut/Erth      8%         N/A       100%        6
 Discord                  Hex            21%        N/A       100%        8
 Ignition                 Fire           1%         3d3       100%        8
 Lehudib's Crystal Spear  Conj/Erth      9%         10d4      100%        8


Dungeon Overview and Level Annotations

Branches:
Dungeon (11/15)            Temple (1/1) D:5            Lair (5/5) D:11
  Swamp (0/4) Lair:2        Snake (0/4) Lair:2        Slime (0/5) Lair:5
    Orc (0/2) D:11

Altars:
Ashenzari
Cheibriados
Dithmenos
Elyvilon
Fedhas
Gozag
Hepliaklqana
Kikubaaqudgha
Makhleb
Nemelex Xobeh
Okawaru
Qazlal
Ru
Sif Muna
Trog
Uskayaw
Vehumet
Wu Jian
Xom
Yredelemnul
Zin
The Shining One
Jiyva

Shops:
D:11 [

Annotations:
D:9 1 runed translucent door, 123456's ghost, journeyman DrEE
Lair:1 exclusion: oklob plant


Innate Abilities, Weirdness & Mutations

((You are very nimble when in or above water. (Stealth+, EV+, Speed+++)))
Your lower body shifts to a powerful aquatic tail in water.


Message History

The catoblepas is severely wounded.
You hit the catoblepas but do no damage.
The catoblepas is severely wounded.
The catoblepas gores you but does no damage.
You hit the catoblepas but do no damage.
The catoblepas looks as sick as possible!
The catoblepas is severely wounded.
The catoblepas gores you!!
* * * LOW HITPOINT WARNING * * *
You hit the catoblepas.
The catoblepas looks as sick as possible!
The catoblepas is severely wounded.
You block the catoblepas's attack.
Unknown command.
You hit the catoblepas but do no damage.
The catoblepas is severely wounded.
You hit the catoblepas but do no damage.
The catoblepas looks as sick as possible!
The catoblepas is severely wounded.
The catoblepas breathes a plume of calcifying dust at you.
The blast of calcifying dust hits you but does no damage.
Unknown command.
Aiming: Mindburst
Press: ? - help, Shift-Dir - straight line, f - catoblepas
Aim: a catoblepas (severely wounded, extremely poisoned, chance to affect: 28%)
Okay, then.
You feel better. You block the catoblepas's attack.
Casting: Frozen Ramparts (safe; 1% risk of failure)
Confirm with . or Enter, or press ? or * to list all spells.
Aiming: Freeze (safe; 1% risk of failure)
Press: ? - help, Shift-Dir - straight line, f - catoblepas
Aim: a catoblepas (severely wounded, extremely poisoned)
You freeze the catoblepas!
The catoblepas is almost dead.
The catoblepas breathes a plume of calcifying dust at you.
The blast of calcifying dust hits you.
* * * LOW HITPOINT WARNING * * *
The catoblepas attacks as you move away!
The catoblepas gores you!!
You die...

##...........P....#
##..............##
##....)##......#
###.....#......†#
#.......##......#
#.....#.......=##
#....P##........##
##...§...........#
####..Y@§§.....####
#..............###
##...##....P.....#
#................#
##P..............#
#..............##
##............##
###..#..#...##
#######..P#


You could see a catoblepas (extremely poisoned).

Vanquished Creatures
  Fannar (Lair:3)
  A boulder beetle (Lair:1)
  6 hydras
  A two-headed ogre (D:10)
  An oklob plant (Lair:5)
  An elephant (D:11)
  A will-o-the-wisp (Lair:2)
  A manticore (D:11)
  4 black mambas
  6 cane toads
  A torpor snail (Lair:3)
  Maggie (D:6)
  4 rime drakes
  5 komodo dragons
  5 trolls
  2 polar bears
  2 hornets
  6 blink frogs
  A jumping spider (D:9)
  2 shadows (D:10)
  A wraith (D:9)
  5 basilisks
  62 yaks
  5 wyverns
  Grum (D:8)
  2 steam dragons
  4 nagas (Lair:2)
  Edmund (D:4)
  8 water moccasins
  3 acid dragons
  2 sky beasts
  2 ice beasts
  3 black bears
  6 orc warriors
  7 wolves
  5 centaurs
  5 kobold brigands
  2 necrophages
  15 bullfrogs
  A gnoll sergeant (D:11)
  2 scorpions
  9 wights
  10 killer bees
  10 howler monkeys
  A jelly (D:6)
  7 hounds
  7 orc priests
  Crazy Yiuf (D:7)
  An iguana (D:6)
  12 orc wizards
  6 hell rats (Lair:3)
  4 gnolls
  10 adders
  A river rat (D:7)
  A white imp (D:8)
  4 ufetubi
  2 worms (D:3)
  33 orcs
  7 endoplasms
  5 giant cockroaches
  10 goblins
  7 hobgoblins
  8 jackals
  A quokka (D:2)
  2 ball pythons
  A bat (D:2)
  2 frilled lizards
  23 kobolds
  2 rats
381 creatures vanquished.

Vanquished Creatures (collateral kills)
  An orc (D:5)
1 creature vanquished.

Vanquished Creatures (others)
  A wight (D:8)
  An orc (D:3)
  8 foxfires (Lair:2)
  23 fungi
  28 plants
61 creatures vanquished.

Grand Total: 443 creatures vanquished

Notes
Turn   | Place    | Note
-------+----------+-------------------------------------------
     0 | D:1      | Pelinal the Merfolk Ice Elementalist began the quest for
                  | the Orb.
     0 | D:1      | Reached XP level 1. HP: 13/13 MP: 3/3
   151 | D:1      | Reached XP level 2. HP: 19/19 MP: 3/5
   252 | D:1      | Reached skill level 5 in Ice Magic
   474 | D:1      | Reached XP level 3. HP: 24/24 MP: 1/6
   544 | D:1      | Learned a level 3 spell: Frozen Ramparts
  1477 | D:2      | Reached XP level 4. HP: 30/30 MP: 7/7
  1504 | D:2      | Learned a level 3 spell: Ozocubu's Armour
  1730 | D:2      | Identified the +12 war axe of Vuoggeegg {antimagic, Int-2
                  | Dex+4}
  2850 | D:3      | Found a radiant altar of Vehumet.
  3088 | D:3      | Reached XP level 5. HP: 26/35 MP: 8/8
  3408 | D:4      | Found an ornate altar of the Wu Jian Council.
  3634 | D:4      | Reached XP level 6. HP: 27/40 MP: 9/9
  3874 | D:4      | Found a stormy altar of Qazlal.
  3945 | D:4      | Reached skill level 1 in Throwing
  4325 | D:4      | Noticed Edmund
  4576 | D:4      | Killed Edmund
  4731 | D:5      | Entered Level 5 of the Dungeon
  4744 | D:5      | Reached XP level 7. HP: 46/46 MP: 10/10
  4876 | D:5      | Reached skill level 1 in Evocations
  5101 | D:5      | Found an iron altar of Okawaru.
  5169 | D:5      | Found a staircase to the Ecumenical Temple.
  5224 | Temple   | Entered the Ecumenical Temple
  6047 | D:6      | Reached skill level 1 in Polearms
  6048 | D:6      | Noticed Maggie
  6404 | D:6      | Reached skill level 5 in Stealth
  6467 | D:6      | Reached XP level 8. HP: 29/52 MP: 11/11
  6614 | D:7      | You fall into a shaft and drop 2 floors!
  6621 | D:9      | Noticed a hornet
  6623 | D:9      | a hornet changed into an acid dragon
  6627 | D:9      | Reached skill level 2 in Polearms
  6633 | D:9      | Reached skill level 3 in Polearms
  6904 | D:9      | Noticed a kobold demonologist
  7216 | D:8      | Identified the +2 leather armour "Vitsin" {-Cast Harm
                  | rElec}
  7249 | D:8      | Found a sparkling altar of Nemelex Xobeh.
  7327 | D:8      | Identified the +5 leather armour "Wuvek" {rN+++ rCorr
                  | Dex-3}
  7359 | D:8      | Reached skill level 4 in Polearms
  7397 | D:8      | Noticed Grum
  7418 | D:8      | Reached skill level 5 in Throwing
  7444 | D:7      | Found a shadowy altar of Dithmenos.
  7723 | D:7      | Noticed Duvessa
  7768 | D:7      | Reached skill level 5 in Polearms
  7768 | D:7      | Reached XP level 9. HP: 51/57 MP: 12/12
  7893 | D:7      | Reached skill level 5 in Dodging
  8363 | D:6      | Found an opulent altar of Gozag.
  8414 | D:6      | Reached skill level 5 in Evocations
  8491 | D:6      | Reached skill level 6 in Polearms
  8646 | D:6      | Killed Maggie
  8823 | D:6      | Found a white marble altar of Elyvilon.
  8825 | D:6      | Found a glowing silver altar of Zin.
  8827 | D:6      | Found a glowing golden altar of the Shining One.
  9035 | D:7      | Found a burning altar of Makhleb.
  9119 | D:7      | Reached skill level 7 in Polearms
  9672 | D:7      | Reached skill level 1 in Fighting
  9964 | D:7      | Found a runed translucent door.
  9965 | D:7      | Noticed Crazy Yiuf
  9974 | D:7      | Killed Crazy Yiuf
 10228 | D:7      | Noticed Dowan
 10229 | D:7      | Noticed Dowan
 10229 | D:7      | Dowan changed into Dowan the river rat
 10240 | D:7      | Noticed Duvessa
 10240 | D:7      | Duvessa changed into Duvessa the hound
 10245 | D:7      | Killed Duvessa the hound
 10247 | D:7      | Killed Dowan the river rat
 10322 | D:8      | Killed Grum
 10323 | D:8      | Reached XP level 10. HP: 38/68 MP: 13/13
 10715 | D:8      | Reached skill level 8 in Polearms
 11003 | D:8      | Noticed a five-headed hydra
 11012 | D:8      | Killed a five-headed hydra
 11092 | D:8      | Identified the +0 robe of Dust Devil {rElec Dex-5 Slay+3}
 11108 | D:8      | Reached skill level 9 in Polearms
 11297 | D:8      | Reached skill level 5 in Fighting
 11815 | D:9      | Found a runed translucent door.
 11820 | D:9      | Noticed 123456's ghost (journeyman DrEE)
 11944 | D:9      | Reached skill level 10 in Polearms
 11944 | D:9      | Reached skill level 10 in Dodging
 12053 | D:9      | Found a snail-covered altar of Cheibriados.
 12062 | D:9      | Found a broken altar of Ashenzari.
 12065 | D:9      | Became a worshipper of Ashenzari the Shackled
 12105 | D:9      | a kobold demonologist changed into a jumping spider
 12158 | D:9      | Reached XP level 11. HP: 54/81 MP: 12/14
 12698 | D:9      | Identified the ring of Moocvoo {rC+ rN+ Str+4 Int+6}
 13278 | D:10     | Entered Level 10 of the Dungeon
 13629 | D:10     | Reached skill level 11 in Polearms
 13788 | D:10     | Paralysed by a hornet for 2 turns
 14423 | D:10     | Noticed a two-headed ogre
 14448 | D:10     | Killed a two-headed ogre
 14767 | D:10     | Found a basalt altar of Yredelemnul.
 14882 | D:11     | Found a staircase to the Orcish Mines.
 14939 | D:11     | Noticed a two-headed ogre
 14949 | D:11     | Reached * piety under Ashenzari
 15033 | D:11     | Reached skill level 12 in Polearms
 15345 | D:11     | Reached skill level 1 in Shields
 15368 | D:11     | Noticed a manticore
 15384 | D:11     | Killed a manticore
 15583 | D:11     | Found Diebluin's Antique Armour Emporium.
 15587 | D:11     | Bought a distressingly furry helmet for 247 gold pieces
 15587 | D:11     | Identified the +0 helmet of Syndicalism {rC- rCorr Str+2}
                  | (You bought it in a shop on level 11 of the Dungeon)
 15590 | D:11     | Found a staircase to the Lair.
 15643 | Lair:1   | Entered Level 1 of the Lair of Beasts
 15662 | Lair:1   | Upgraded the game from 0.29-a0-982-gaed3a0c8d8 to
                  | 0.29-a0-993-g4a18f31a58
 15719 | Lair:1   | Noticed an oklob plant
 15806 | Lair:1   | Noticed an eight-headed hydra
 15845 | Lair:1   | Killed an eight-headed hydra
 15846 | Lair:1   | Reached skill level 13 in Polearms
 15846 | Lair:1   | Reached XP level 12. HP: 55/95 MP: 15/15
 16562 | Lair:1   | Noticed a boulder beetle
 16575 | Lair:1   | Killed a boulder beetle
 17249 | Lair:2   | Found a staircase to the Swamp.
 17501 | Lair:2   | Reached skill level 10 in Fighting
 17527 | Lair:2   | Found a staircase to the Snake Pit.
 17546 | Lair:2   | Reached skill level 5 in Shields
 17628 | Lair:2   | Noticed an eight-headed hydra
 17635 | Lair:2   | Killed an eight-headed hydra
 17639 | Lair:2   | Reached skill level 14 in Polearms
 17718 | Lair:2   | Noticed a four-headed hydra
 17731 | Lair:2   | Killed a four-headed hydra
 18655 | Lair:3   | Noticed Fannar
 18701 | Lair:3   | Killed Fannar
 19694 | Lair:3   | Reached XP level 13. HP: 70/103 MP: 16/16
 19974 | Lair:3   | Learned a level 3 spell: Tukima's Dance
 20021 | Lair:3   | Reached skill level 1 in Hexes
 20841 | Lair:4   | Reached skill level 5 in Hexes
 21791 | Lair:4   | Reached ** piety under Ashenzari
 21917 | Lair:5   | Entered Level 5 of the Lair of Beasts
 21979 | Lair:5   | Found a staircase to the Slime Pits.
 21979 | Lair:5   | Found a viscous altar of Jiyva.
 22053 | Lair:5   | Reached skill level 1 in Poison Magic
 22057 | Lair:5   | Reached skill level 1 in Conjurations
 22057 | Lair:5   | Reached skill level 1 in Earth Magic
 22096 | Lair:5   | Learned a level 3 spell: Stone Arrow
 22236 | Lair:4   | Slain by a catoblepas

Illustrated notes

Levels and vault maps discovered:
D:1:      spicycebolla_green_bress_n_ham, layout_basic, minmay_worlds_worst_comb
D:2:      layout_basic
D:3:      layout_basic, fiery_altar_vehumet
D:4:      layout_basic, kennysheep_mini, mainiacjoe_overflow_chevrons,
          uniq_edmund
D:5:      layout_cave_pools, okawaru_altar_gauntlet_db,
          minmay_temple_entry_purple_smoke
D:6:      layout_basic, good_gods_mini_temple, amcnicky_altar_gilded,
          uniq_maggie
D:7:      layout_loops_ring, mainiacjoe_overflow_large_starburst,
          uniq_crazy_yiuf_cottage, uniq_duvessa
D:8:      layout_rooms, nemelex_spade_bored_becter, enter_bailey_3,
          kennysheep_kite_vault, uniq_grum
D:9:      layout_basic, amethyst_overflow_temple_binary,
          ebering_ghost_reflecting_pool, kennysheep_generic_room_6
D:10:     layout_long_grid, general_overflow_altar, small_statue_intersection,
          minmay_starry_boxes
D:11:     layout_cave_pools, david_lair_generic, orc_0_dummy, serial_shops,
          shop, grunt_ministairs_2
Temple:   nicolae_temple_bog_church
Lair:1:   minmay_lair_oklob_chamber, layout_gridlike,
          infiniplex_staircase_pool_2
Lair:2:   layout_roguey, minmay_swamp_entry_wisps,
          minmay_snake_entry_guardpost_small, grunt_megastairs_5,
          serial_bayou_shore_b, serial_bayou_shore_b
Lair:3:   layout_layer_cave, lemuel_fruit_fields, grunt_megastairs_1,
          uniq_fannar
Lair:4:   layout_cave_shapes, beast_lair_carwin_10
Lair:5:   hellmonk_lair_end_abyssal_woods, layout_big_grid, slime_entry_1

Skill      XL: |  1  2  3  4  5  6  7  8  9 10 11 12 13 |
---------------+----------------------------------------+-----
Ice Magic      | 5 6 7 8 |  8.0
Throwing       | 2 3 5 6 |  6.0
Stealth        | 3 5 |  5.0
Evocations     | 2 4 5 7 |  7.5
Polearms       | 1 5 7 10 13 14 | 14.0
Dodging        | 4 7 10 | 10.7
Fighting       | 2 6 9 10 | 10.0
Shields        | 3 7 8 |  8.0
Hexes          | 7 |  7.2
Poison Magic   | 3 |  3.2
Conjurations   | 2 |  2.3
Earth Magic    | 2 |  2.3
Spellcasting   | |  2.0

Action                   |  1- 3 |  4- 6 |  7- 9 | 10-12 | 13-15 || total
-------------------------+-------+-------+-------+-------+-------++-------
Melee: Club              |    11 |       |       |       |       ||    11
       Rapier            |       |    15 |    17 |       |       ||    32
       Spear             |       |       |    55 |       |       ||    55
       Trident           |       |       |   121 |   601 |   281 ||  1003
       Punch             |       |       |       |     4 |       ||     4
       Tailslap          |       |       |       |     1 |       ||     1
 Fire: Sling             |    36 |    67 |       |       |       ||   103
Throw: Stone             |     5 |       |    24 |       |       ||    29
       Dart              |       |     2 |     8 |     7 |     8 ||    25
 Cast: Freeze            |    28 |    32 |    36 |    13 |     5 ||   114
       Frozen Ramparts   |       |    11 |    42 |    68 |    19 ||   140
       Ozocubu's Armour  |       |     9 |    37 |    63 |    14 ||   123
Invok: Curse Item        |       |       |       |     2 |     1 ||     3
Evoke: Wand              |       |       |    11 |    22 |     3 ||    36
       Lightning rod     |       |       |       |     7 |       ||     7
       Tin of tremorston |       |       |       |     3 |     2 ||     5
  Use: Potion            |       |     2 |     6 |       |     1 ||     9
       Scroll            |       |     1 |    10 |     7 |       ||    18
 Stab: Sleeping          |     2 |       |     1 |     5 |     1 ||     9
       Distracted        |       |       |     1 |       |       ||     1
Armor: Robe              |     7 |    18 |    27 |       |       ||    52
       Leather armour    |       |       |    62 |   200 |    44 ||   306
Dodge: Dodged            |    21 |    65 |   186 |   420 |    82 ||   774
Block: Kite shield       |       |       |       |   163 |   113 ||   276

Table legend: (Time is in decaauts)
 A = Elapsed time spent in this place.
 B = Non-inter-level travel time spent in this place.
 C = Inter-level travel time spent in this place.
 D = Time resting spent in this place.
 E = Time spent auto-exploring this place.
 F = Levels seen in this place.
 G = Mean time per level.
                   A        B        C        D        E       F      G
               +--------+--------+--------+--------+--------+-----+--------+
         Total |  22025 |  21384 |    641 |   5848 |  10394 |  17 | 1295.6 |
       Dungeon |  15427 |  15008 |    419 |   4545 |   6929 |  11 | 1402.5 |
        Temple |    134 |    111 |     23 |      0 |     59 |   1 |  134.0 |
          Lair |   6464 |   6266 |    198 |   1303 |   3406 |   5 | 1292.8 |
               +--------+--------+--------+--------+--------+-----+--------+

Top non-repeatable levels by time:
     D:7: 2408 daAuts
     D:9: 2319 daAuts
  Lair:3: 2061 daAuts
  Lair:2: 1647 daAuts
    D:10: 1540 daAuts
     D:4: 1496 daAuts
     D:3: 1316 daAuts
  Lair:4: 1290 daAuts
     D:8: 1250 daAuts
  Lair:1: 1212 daAuts
     D:1: 1149 daAuts
     D:6: 1118 daAuts
     D:2: 1045 daAuts
     D:5: 993 daAuts
    D:11: 787 daAuts
